 Dungeon Crawl Stone Soup version 0.29-a0-664-gff9cad4a3d (webtiles) character file.

Game seed: 4729096749937923586

45 happo123 the Magician (level 3, -2/27 HPs)
             Began as a Djinni Conjurer on June 22, 2022.
             Slain by Jessica
             ... wielding a +5 club
              (3 damage)
             ... on level 1 of the Dungeon.
             The game lasted 00:07:12 (844 turns).

happo123 the Magician (Djinni Conjurer)              Turns: 844, Time: 00:07:13

Health: -2/27      AC:  2    Str:  6    XL:     3   Next: 90%
Gold:   26         EV: 12    Int: 21    God:
                   SH:  0    Dex: 11

rFire   + + .      SeeInvis .   (no weapon)
rCold   x . .      Faith    .   (no shield)
rNeg    . . .      Spirit   .   a - +0 robe
rPois   ∞          Reflect  .   (no helmet)
rElec   .          Harm     .   (no cloak)
rCorr   .          Rampage  .   (no gloves)
Will    .....                   (boots unavailable)
Stlth   ++........              (no amulet)
HPRegen 0.09/turn               (no ring)
MPRegen 0.00/turn               (no ring)

@: flying
A: sickness immunity, fire resistance 2, cold vulnerability 1, float, innate
caster, HP casting, extra vitality 1
a: no special abilities


You were on level 1 of the Dungeon.
You visited 1 branch of the dungeon, and saw 2 of its levels.

You collected 26 gold pieces.

Inventory:

Armour
 a - a +0 robe (worn)
Scrolls
 b - a scroll of enchant weapon {unknown}
 c - 2 scrolls of identify {unknown}
 d - a scroll of poison {unknown}
 e - a scroll of torment {unknown}
Potions
 f - a potion of lignification {unknown}


   Skills:
 + Level 1.1 Fighting
 + Level 2.6 Dodging
 + Level 2.1 Stealth
 * Level 3.6 Spellcasting


You couldn't memorise any spells.
You knew the following spells:

 Your Spells              Type           Power      Damage    Failure   Level
a - Magic Dart            Conj           76%        1d6       2%          1
b - Searing Ray           Conj           38%        2d5       4%          2
c - Dazzling Flash        Conj/Hex       38%        N/A       9%          3
d - Fulminant Prism       Conj/Hex       9%         3d7       26%         4
e - Iskenderun's Mystic   Conj/Tloc      19%        2d6       26%         4
f - Sandblast             Erth           38%        2d10      2%          1
Your spell library was empty.

Dungeon Overview and Level Annotations

Branches:
Dungeon (2/15)

Altars:

Annotations:
D:1 Jessica


Innate Abilities, Weirdness & Mutations

You are immune to sickness and miasma.
You are immune to poison.
Your flesh is very heat resistant. (rF++)
You are vulnerable to cold. (rC-)
You float through the air rather than walking.
You learn spells naturally, not from books.
Your magical power is your life essence.
You have superior vitality. (+4 MHP)


Message History

Aiming: Magic Dart (safe; 2% risk of failure)
Press: ? - help, Q - select action, (/) - cycle Shift-Dir - straight line, f/p - Jessica
Aim: Jessica, wielding a +5 club and wearing a +1 robe of cold resistance (100% to hit)
The magic dart hits Jessica.
Jessica is lightly wounded.
A ball python comes into view.
Aiming: Magic Dart (safe; 2% risk of failure)
Press: ? - help, Q - select action, (/) - cycle Shift-Dir - straight line, f/p - Jessica
Aim: Jessica, wielding a +5 club and wearing a +1 robe of cold resistance (lightly wounded, 100% to hit)
The magic dart hits the quokka.
The quokka is almost dead.
The ball python hisses angrily.
Jessica mumbles some strange words.
Jessica blinks!
The bat barely misses you.
Your magical contamination has completely faded away.
The bat attacks as you move away! The bat barely misses you.
The bat misses you. The bat barely misses you.
The bat attacks as you move away! The bat barely misses you.
Jessica hits you with a +5 club!
* * * LOW HITPOINT WARNING * * *
The bat misses you. The bat hits you.
* * * LOW HITPOINT WARNING * * *
The bat barely misses you.
There is a stone staircase leading up here.
Jessica hits you with a +5 club.
* * * LOW HITPOINT WARNING * * *
You fly upwards.
There is a stone staircase leading down here.
Casting: Magic Dart (safe; 2% risk of failure)
Confirm with . or Enter, or press ? or * to list all spells.
Aiming: Sandblast (safe; 2% risk of failure)
Press: ? - help, Shift-Dir - straight line, f - Jessica
Aim: Jessica, wielding a +5 club and wearing a +1 robe of cold resistance (79% to hit)
The blast of sand hits Jessica.
Jessica is heavily wounded.
* * * LOW HITPOINT WARNING * * *
Jessica hits you with a +5 club.
You die...

......................#.#........
.........#####........#.########.
.........#####........#.# #.
...........÷..##+#.####.# #.
.....................##.########.
..###............>...##..........
..####...............############
.............÷.......#
................@....#
.................@...#
...########..........#
...####....P....##..########
....##..P........#.........#
....#....♣....♣..♣#.######.#
.......P............# #.#
......P...P.P..P....# #.#
..#..♣..P.....P.....# #.#


You could see Jessica.

Vanquished Creatures
  An adder (D:2)
  A worm (D:1)
  6 ball pythons
  3 endoplasms (D:1)
  A giant cockroach (D:1)
  2 goblins (D:1)
  6 hobgoblins (D:1)
  2 jackals (D:1)
  A quokka (D:1)
  2 bats (D:1)
  5 frilled lizards
  2 kobolds
32 creatures vanquished.

Notes
Turn   | Place    | Note
-------+----------+-------------------------------------------
     0 | D:1      | happo123 the Djinni Conjurer began the quest for the Orb.
     0 | D:1      | happo123 set off with the following spells memorised: Magic
                  | Dart, Searing Ray, Dazzling Flash, Fulminant Prism,
                  | Iskenderun's Mystic Blast.
     0 | D:1      | Reached XP level 1. HP: 15/15 MP: 0/0
    59 | D:1      | Reached XP level 2. HP: 11/22 MP: 0/0
   459 | D:1      | Reached XP level 3. HP: 14/26 MP: 0/0
   459 | D:1      | Learned a level 1 spell: Sandblast
   503 | D:1      | Reached skill level 1 in Fighting
   833 | D:2      | Noticed Jessica
   844 | D:1      | Slain by Jessica

Illustrated notes

Levels and vault maps discovered:
D:1:      wander_arrival_fairy_ring, layout_basic, nicolae_wormholes
D:2:      layout_rooms, serial_shops, shop, uniq_jessica

Skill      XL: |  1  2  3 |
---------------+----------+-----
Fighting       | 1 |  1.1
Stealth        | 2 |  2.1
Dodging        | |  2.6
Spellcasting   | |  3.6

Action                   || total
-------------------------++-------
 Cast: Magic Dart        ||    47
       Searing Ray       ||     1
       Sandblast         ||    12
Armor: Robe              ||     4
Dodge: Dodged            ||    13

Table legend: (Time is in decaauts)
 A = Elapsed time spent in this place.
 B = Non-inter-level travel time spent in this place.
 C = Inter-level travel time spent in this place.
 D = Time resting spent in this place.
 E = Time spent auto-exploring this place.
 F = Levels seen in this place.
 G = Mean time per level.
                   A        B        C        D        E       F      G
               +--------+--------+--------+--------+--------+-----+--------+
         Total |    855 |    309 |    546 |    158 |     11 |   2 |  427.5 |
       Dungeon |    855 |    309 |    546 |    158 |     11 |   2 |  427.5 |
               +--------+--------+--------+--------+--------+-----+--------+

Top non-repeatable levels by time:
     D:1: 830 daAuts
     D:2: 24 daAuts
